 Dungeon Crawl Stone Soup version 0.21.1-1-g345015fe64 (webtiles) character file.

4268 IceCat the Slasher (level 10, -2/150 HPs)
             Began as a Troll Fighter on July 19, 2018.
             Was a High Priest of Okawaru.
             Succumbed to a hornet's poison
             ... on level 7 of the Dungeon on July 20, 2018.
             The game lasted 01:29:17 (7265 turns).

IceCat the Slasher (Troll Fighter)                  Turns: 7265, Time: 01:29:17

Health: -2/150     AC: 25    Str: 29    XL:     10   Next: 10%
Magic:  9/9        EV:  1    Int:  4    God:    Okawaru [*****.]
Gold:   385        SH: 10    Dex: 11    Spells: 9/9 levels left

rFire    . . .     SeeInvis .   a - +1 long sword
rCold    . . .     Gourm    +   c - +0 shield
rNeg     + + +     Faith    .   (armour currently unavailable)
rPois    +         Spirit   .   (helmet currently unavailable)
rElec    .         Reflect  .   (cloak currently unavailable)
rCorr    .         Harm     .   (gloves unavailable)
MR       .....     NoTele   +   (boots unavailable)
Stlth    +.........             (no amulet)
HPRegen  0.75/turn              k - ring of flight
MPRegen  0.11/turn              l - ring of wizardry

@: lethally poisoned (-2 -> -26), tree-form, slowed, studying Axes, very slow
A: large, unfitting armour, agile 1, blurry vision 1, fast metabolism 3,
gourmand, regeneration 1, wild magic 1
a: Heroism, Finesse, Renounce Religion


You were on level 7 of the Dungeon.
You worshipped Okawaru.
Okawaru was extremely pleased with you.
You were hungry.
You were a tree.
You visited 2 branches of the dungeon, and saw 8 of its levels.
You also visited: Ossuary.

You collected 502 gold pieces.
You spent 117 gold pieces at shops.

Inventory:

Hand Weapons
 a - a +1 long sword (weapon)
 n - a +0 hand axe of freezing
 o - a +3 spear
 F - a +0 glaive
Missiles
 e - 148 stones (quivered)
 A - 4 large rocks
 E - 76 arrows
Armour
 b - a +0 robe (melded)
 c - a +0 shield (worn)
 t - a +1 cloak (melded)
Magical Staves
 z - an uncursed staff of air {unknown}
 N - an uncursed staff of wizardry {unknown}
Jewellery
 d - a cursed ring of teleportation
 k - a ring of flight (left branch)
 l - a ring of wizardry (right branch)
 D - an uncursed ring of flight
 M - the cursed ring of Xom's Passing Interest {rPois AC-3}
   (You found it on level 7 of the Dungeon)

   [ring of protection]

   It affects your AC (-3).
   It protects you from poison.
   It has a curse placed upon it.
Wands
 p - a wand of polymorph (44)
Scrolls
 h - 2 scrolls of enchant armour
 i - a scroll of enchant weapon
 m - a scroll of summoning {unknown}
 r - a scroll of magic mapping
 s - 4 scrolls of identify
 v - a scroll of fog
 y - 2 scrolls of fear
 B - 3 scrolls of teleportation
 C - 2 scrolls of amnesia
 H - 3 scrolls of remove curse
 I - a scroll of noise
Potions
 g - a potion of lignification
 j - a potion of heal wounds {unknown}
 u - 2 potions of cancellation
 w - a potion of resistance {unknown}
 x - a potion of brilliance {unknown}
 G - a potion of flight
Books
 q - a book of Changes

   Spells                             Type                      Level
   a - Beastly Appendage              Transmutation                1
   b - Sticks to Snakes               Transmutation                2
   c - Spider Form                    Transmutation/Poison         3
   d - Ice Form                       Ice/Transmutation            4
   e - Blade Hands                    Transmutation                5
 L - a manual of Axes
Comestibles
 f - 12 rations


   Skills:
 + Level 6.5 Fighting
 + Level 7.3 Long Blades
 - Level 1.2 Polearms
 + Level 6.1 Dodging
 + Level 5.8 Shields
 - Level 1.4 Unarmed Combat


You had 9 spell levels left.
You didn't know any spells.

Dungeon Overview and Level Annotations

Branches:
Dungeon (7/15)             Temple (1/1) D:5

Altars:
Ashenzari
Cheibriados
Dithmenos
Elyvilon
Gozag
Hepliaklqana
Makhleb
Okawaru
Qazlal
Ru
Trog
Uskayaw
Wu Jian
Xom
Yredelemnul
Zin

Shops:
D:5 *   D:6 (


Innate Abilities, Weirdness & Mutations

You are too large for most types of armour.
((You have claws for hands.))
Your metabolism is lightning-fast.
You like to eat raw meat.
Your natural rate of healing is unusually fast.
((You are covered in fur. (AC +1)))
((You have very tough skin. (AC +2)))
((You are partially covered in large bone plates. (SH +4)))
You are agile. (Dex +2)
Scrolls take you a little longer to read.
Your spells are a little harder to cast, but a little more powerful.


Message History

The hornet stings you!
* * * LOW HITPOINT WARNING * * *
You are more poisoned.
You shrug off the repeated paralysis!
You can move again.
You turn into a tree.
Your +1 cloak melds into your body.
Your +0 robe melds into your body.
Your roots penetrate the ground.
* * * LOW HITPOINT WARNING * * *
You feel very sick. You block the hornet's attack. The hornet stings you.
* * * LOW HITPOINT WARNING * * *
You feel as though you will be slow longer.
You closely miss the hornet.
The hornet is heavily wounded.
* * * LOW HITPOINT WARNING * * *
You feel very sick. You block the hornet's attack.
The hornet stings you but does no damage.
It was a potion of flight.
Your roots keep you in place.
You die...

....# #.#...##..##).##..###..
....# ###...###..##'##..##..#..
....# ###...###..###..####..###..
....###...###..#.# #.#######..#..
.##.#...###..###.# #..##..#####..
......###..###[#.# #...###..###(.
###...'..###.....# #.#...#....#..
###..[###..###!#y# #.###.[..###..
.##.....###..###♣# #...#..#####..
......#)..###..#.# #...#####..#..
..#.#####...###..###..####....#..
....##...##...###..##'##....###..
....##.#....#...##..##)..#....#..
#...##.#....###..###...)......#..
.......#....# ##...###.##..##.#..
##..#####...# ###...###...##.#..
...># #...# ###...###...##..


You could see a hornet.

Vanquished Creatures
  The ghost of Niraks the Basher, a novice MiFi of Ru (D:6)
  A gargoyle (D:7)
  Grinder (D:3)
  A hippogriff (D:7)
  A yak (D:7)
  A hungry ghost (D:7)
  An orc warrior (D:6)
  A sky beast (D:6)
  3 ice beasts
  3 phantoms
  4 ogres
  A centaur (D:5)
  A necrophage (D:7)
  An elf zombie (Ossuary)
  4 bullfrogs
  A killer bee (D:7)
  2 electric eels (D:6)
  3 crimson imps
  4 bullfrog zombies
  A centaur zombie (Ossuary)
  A jelly (D:5)
  3 hounds
  4 orc wizards
  A centaur skeleton (D:4)
  2 human zombies (Ossuary)
  Jessica (D:3)
  An iguana (D:6)
  Natasha (thrice) (D:3)
  4 worker ants
  A hound skeleton (D:7)
  3 mummies (Ossuary)
  2 worker ant zombies
  Robin (D:3)
  7 gnolls
  6 adders
  An ooze (D:3)
  8 adder zombies
  An adder skeleton (D:4)
  2 worms
  A dart slug (D:1)
  3 leopard geckos
  27 orcs
  3 ball pythons
  7 bats
  4 giant cockroaches
  3 gnoll zombies
  18 goblins
  9 hobgoblins
  6 jackals
  5 kobolds
  4 frilled lizards
  3 goblin zombies (Ossuary)
  4 hobgoblin zombies (Ossuary)
  5 jackal zombies (Ossuary)
  2 kobold zombies (Ossuary)
  A leopard gecko skeleton (D:5)
  3 orc zombies (Ossuary)
  2 quokka zombies (Ossuary)
  4 rats
  4 rat zombies (Ossuary)
206 creatures vanquished.

Vanquished Creatures (others)
  2 plants (D:6)
2 creatures vanquished.

Grand Total: 208 creatures vanquished

Notes
Turn   | Place    | Note
-------+----------+-------------------------------------------
     0 | D:1      | IceCat the Troll Fighter began the quest for the Orb.
     0 | D:1      | Reached XP level 1. HP: 22/22 MP: 0/0
   338 | D:1      | Reached XP level 2. HP: 29/29 MP: 1/1
   672 | D:1      | Reached XP level 3. HP: 36/36 MP: 2/2
   744 | D:2      | Reached skill level 2 in Long Blades
   771 | D:2      | Found an opulent altar of Gozag.
   772 | D:2      | Found an iron altar of Okawaru.
   815 | D:2      | Became a worshipper of Warmaster Okawaru
  1139 | D:2      | Found a basalt altar of Yredelemnul.
  1409 | D:3      | Reached XP level 4. HP: 44/44 MP: 3/3
  1411 | D:3      | Noticed Robin
  1428 | D:3      | Killed Robin
  1478 | D:3      | Found a sacrificial altar of Ru.
  1654 | D:3      | Noticed Natasha
  1660 | D:3      | Killed Natasha
  1666 | D:3      | Noticed Grinder
  1709 | D:3      | Noticed Natasha
  1718 | D:3      | Killed Natasha
  1718 | D:3      | Reached skill level 3 in Long Blades
  1718 | D:3      | Reached XP level 5. HP: 25/52 MP: 4/4
  1725 | D:3      | Killed Grinder
  1725 | D:3      | Reached * piety under Okawaru
  1725 | D:3      | Reached skill level 1 in Unarmed Combat
  1725 | D:3      | Reached XP level 6. HP: 24/61 MP: 5/5
  1740 | D:3      | Noticed Natasha
  1755 | D:3      | Killed Natasha
  1794 | D:3      | Noticed Jessica
  1801 | D:3      | Killed Jessica
  1801 | D:3      | Reached skill level 4 in Long Blades
  2246 | D:4      | Reached ** piety under Okawaru
  2246 | D:4      | Reached XP level 7. HP: 65/67 MP: 6/6
  3158 | D:5      | Entered Level 5 of the Dungeon
  3158 | D:5      | Found a staircase to the Ecumenical Temple.
  3269 | D:5      | Reached skill level 1 in Polearms
  3269 | D:5      | Reached XP level 8. HP: 48/78 MP: 7/7
  3278 | D:5      | Found a burning altar of Makhleb.
  3339 | D:5      | Reached *** piety under Okawaru
  3344 | D:5      | Found a sand-covered staircase.
  3349 | Ossuary  | Entered an ossuary
  3410 | Ossuary  | Reached skill level 5 in Long Blades
  3942 | Temple   | Entered the Ecumenical Temple
  4081 | D:5      | Found Tip Zeth's Assorted Antiques.
  4132 | D:5      | Gained mutation: Your body sometimes deteriorates upon taking damage. [potion of mutation]
  4132 | D:5      | Gained mutation: You possess an exceptional clarity of mind. [potion of mutation]
  4132 | D:5      | Gained mutation: You are partially covered in yellow scales. (AC +2) [potion of mutation]
  4132 | D:5      | Gained mutation: Your flesh is cold resistant. (rC+) [potion of mutation]
  4133 | D:5      | Bought an amethyst potion for 21 gold pieces
  4133 | D:5      | Bought a scroll of teleportation for 72 gold pieces
  4133 | D:5      | Bought a scroll labeled YGHAH KOJA for 24 gold pieces
  4533 | D:5      | Found a stormy altar of Qazlal.
  4548 | D:5      | Found a hide-covered altar of Uskayaw.
  4858 | D:6      | Noticed Niraks's ghost (novice MiFi)
  5246 | D:6      | Found Seli's Weapon Emporium.
  5441 | D:6      | Killed Niraks's ghost
  5441 | D:6      | Reached skill level 5 in Fighting
  5441 | D:6      | Reached skill level 6 in Long Blades
  5441 | D:6      | Reached skill level 5 in Dodging
  5441 | D:6      | Reached XP level 9. HP: 65/88 MP: 8/8
  5456 | D:6      | Reached **** piety under Okawaru
  5456 | D:6      | Reached skill level 5 in Shields
  5812 | D:6      | Lost mutation: Your flesh is cold resistant. (rC+) [potion of mutation]
  5812 | D:6      | Lost mutation: You are partially covered in yellow scales. (AC +2) [potion of mutation]
  5812 | D:6      | Lost mutation: Your body sometimes deteriorates upon taking damage. [potion of mutation]
  5812 | D:6      | Lost mutation: You possess an exceptional clarity of mind. [potion of mutation]
  5812 | D:6      | Gained mutation: You are partially covered in large bone plates. (SH +4) [potion of mutation]
  5812 | D:6      | Gained mutation: Scrolls take you a little longer to read. [potion of mutation]
  5812 | D:6      | Gained mutation: Your spells are a little harder to cast, but a little more powerful. [potion of mutation]
  5812 | D:6      | Gained mutation: You are agile. (Dex +2) [potion of mutation]
  6356 | D:7      | Got a faintly humming leather armour
  6452 | D:7      | Noticed a gargoyle
  6477 | D:7      | Killed a gargoyle
  6535 | D:7      | HP: 4/133 [yak (4)]
  6540 | D:7      | HP: 6/133 [yak (6)]
  6541 | D:7      | Reached skill level 7 in Long Blades
  6721 | D:7      | Got a polished short sword
  6723 | D:7      | Got a scorched dagger
  6727 | D:7      | Got a pitted pewter ring
  6735 | D:7      | Identified the cursed ring of Xom's Passing Interest {rPois AC-3} (You found it on level 7 of the Dungeon)
  6864 | D:7      | Reached XP level 10. HP: 89/100 MP: 9/9
  7039 | D:7      | Reached ***** piety under Okawaru
  7253 | D:7      | Paralysed by a hornet for 3 turns
  7261 | D:7      | Paralysed by a hornet for 2 turns
  7263 | D:7      | HP: 7/150 [hornet (1)]
  7264 | D:7      | HP: 2/150 [poisoned by a hornet]
  7265 | D:7      | Succumbed to a hornet's poison

Skill      XL: |  1  2  3  4  5  6  7  8  9 10 |
---------------+-------------------------------+-----
Long Blades    | 2 3 4 6 7 |  7.3
Dodging        | 3 4 5 6 |  6.1
Shields        | 3 4 5 |  5.8
Fighting       | 3 4 5 6 |  6.5
Unarmed Combat | 1 |  1.4
Polearms       | 1 |  1.2

Action                   |  1- 3 |  4- 6 |  7- 9 | 10-12 || total
-------------------------+-------+-------+-------+-------++-------
Melee: Long sword        |   163 |    81 |   521 |    72 ||   837
       Unarmed           |       |    18 |       |       ||    18
       Spear             |       |       |    76 |       ||    76
Throw: Stone             |       |       |     1 |       ||     1
Invok: Heroism           |       |       |     2 |       ||     2
  Use: Scroll            |     5 |     1 |    12 |       ||    18
       Potion            |       |     2 |    12 |     2 ||    16
 Stab: Sleeping          |     1 |     1 |       |       ||     2
  Eat: Chunk             |    19 |     7 |    31 |     1 ||    58
       Ration            |       |       |     4 |       ||     4
Armor: Robe              |    63 |    19 |   151 |    18 ||   251
       Skin              |       |     1 |    27 |     1 ||    29
Dodge: Dodged            |    74 |    29 |   164 |    12 ||   279
Block: Shield            |    78 |    34 |   330 |    59 ||   501
       Rpst.: Long sword |    21 |    11 |    41 |     4 ||    77
